Map: Central Protocol

Players

OOOOOO - Winner!

  • Race: Protoss Protoss
  • League: Diamond

Frozzen

  • Race: Zerg Zerg
  • League: Gold

VOD

Have the link to the VOD?

Description

Time

  • Played on: Nov. 16, 2015, 5:08 p.m.
  • Length: 8:51
Show
View Real Time Build Order
Export as new Build Order

OOOOOO Protoss - Winner!

Build Orders:  

Get SALT Encoding   

  12  0:01  Probe (Chrono Boost)  
  13  0:12  Probe (Chrono Boost)  
  14  0:23  Probe (Chrono Boost)  
  14  0:25  Pylon  
  15  0:43  Probe (Chrono Boost)  
  16  0:54  Probe (Chrono Boost)  
  17  1:05  Probe (Chrono Boost)  
  18  1:15  Probe (Chrono Boost), Nexus  
  19  1:26  Probe (Chrono Boost), Forge  
  20  1:36  Probe (Chrono Boost)  
  21  1:44  Pylon  
  21  1:53  Probe (Chrono Boost)  
  22  2:02  Gateway  
  22  2:04  Probe (Chrono Boost)  
  22  2:07  Photon Cannon  
  23  2:17  Probe (Chrono Boost)  
  24  2:28  Probe (Chrono Boost)  
  25  2:32  Assimilator  
  25  2:37  Assimilator  
  25  2:38  Probe (Chrono Boost)  
  25  2:40  Probe (Chrono Boost)  
  27  2:46  Pylon  
  27  2:49  Probe (Chrono Boost)  
  28  2:57  Cybernetics Core  
  28  3:08  Probe (Chrono Boost)  
  28  3:11  Probe (Chrono Boost)  
  30  3:18  Probe (Chrono Boost)  
  30  3:19  Assimilator  
  31  3:21  Probe (Chrono Boost)  
  31  3:23  Assimilator  
  32  3:28  Zealot  
  32  3:29  Probe (Chrono Boost), Warp Gate (Chrono Boost)  
  32  3:32  Probe (Chrono Boost)  
  36  3:44  Twilight Council, Probe (Chrono Boost)  
  36  3:46  Probe (Chrono Boost)  
  38  3:54  Probe (Chrono Boost)  
  39  3:56  Probe (Chrono Boost)  
  40  4:03  Probe  
  40  4:07  Probe  
  40  4:09  Pylon  
  42  4:12  Protoss Ground Weapons Level 1 (Chrono Boost)  
  42  4:14  Probe  
  43  4:19  Probe  
  44  4:30  Dark Shrine  
  44  4:32  Probe  
  44  4:35  Probe  
  46  4:39  Gateway  
  46  4:40  Gateway  
  46  4:43  Gateway  
  46  4:45  Gateway  
  46  4:46  Probe  
  46  4:47  Pylon  
  46  4:50  Mothership Core  
  46  4:52  Gateway  
  49  4:54  Gateway  
  49  4:58  Probe  
  50  5:06  Pylon  
  50  5:10  Probe  
  50  5:11  Probe  
  50  5:12  Charge (Chrono Boost)  
  52  5:38  Pylon  
  52  5:39  Sentry  
  54  5:46  Zealot  
  54  5:48  Sentry  
  58  6:02  Probe  
  59  6:05  Dark Templar  
  59  6:07  Protoss Ground Weapons Level 2  
  59  6:09  Probe  
  62  6:16  Sentry x2  
  62  6:18  Dark Templar x4  
  74  6:26  Probe x2  
  76  6:38  Probe  
  77  6:42  Probe  
  77  6:45  Pylon  
  78  6:47  Pylon  
  78  6:50  Pylon  
  78  6:54  Pylon  
  78  7:09  Stalker, Probe  
  78  7:10  Stalker x5  
  78  7:11  Zealot  
  91  7:27  Probe  
  91  7:29  Pylon  
  92  7:33  Zealot x4  
  92  7:34  Zealot x3  
  106  7:51  Pylon  
  106  7:57  Dark Templar x3  
  106  7:58  Zealot x3  
  116  8:00  Archon, Robotics Facility  
  116  8:01  Archon  
  116  8:02  Nexus  
  118  8:09  Probe  
  118  8:10  Pylon  
  118  8:11  Pylon  
  119  8:13  Pylon, Archon  
  119  8:16  Pylon  
  119  8:18  Sentry x3  
  115  8:41  Zealot x5  
  105  8:42  Zealot x2  
Show
View Real Time Build Order
Export as new Build Order

Frozzen Zerg 

Build Orders: Hatch First 

Get SALT Encoding   

  12  0:01  Drone  
  13  0:13  Overlord  
  13  0:18  Drone  
  14  0:31  Drone x2  
  16  0:52  Hatchery  
  16  0:53  Drone  
  16  0:56  Drone  
  17  1:00  Drone  
  18  1:15  Spawning Pool  
  18  1:17  Drone  
  18  1:20  Drone  
  19  1:28  Drone  
  20  1:39  Overlord  
  20  2:04  Queen x2  
  20  2:05  Zergling x6  
  27  2:10  Extractor  
  27  2:11  Drone  
  27  2:14  Drone  
  28  2:22  Drone  
  29  2:25  Drone  
  30  2:35  Drone  
  30  2:36  Overlord  
  31  2:39  Queen  
  31  2:44  Drone  
  34  2:54  Drone  
  34  2:55  Overlord  
  34  2:57  Drone  
  36  3:04  Extractor  
  36  3:05  Drone  
  35  3:10  Drone  
  36  3:16  Drone  
  36  3:17  Drone x5  
  42  3:21  Metabolic Boost  
  42  3:23  Drone  
  42  3:25  Overlord  
  43  3:32  Drone  
  44  3:35  Drone  
  45  3:42  Lair  
  45  3:43  Drone  
  45  3:45  Drone  
  48  3:48  Drone  
  48  3:49  Drone x3  
  48  3:50  Drone x2  
  53  3:58  Hatchery  
  53  4:00  Drone  
  53  4:01  Drone  
  54  4:03  Extractor  
  54  4:04  Extractor  
  54  4:08  Drone x2  
  54  4:13  Roach Warren  
  53  4:20  Evolution Chamber x2, Drone  
  53  4:21  Drone x3  
  55  4:24  Overlord  
  55  4:29  Overlord  
  55  4:43  Overseer  
  55  4:45  Zerg Missile Weapons Level 1  
  55  4:46  Zerg Ground Armor Level 1  
  55  4:49  Hydralisk Den  
  55  4:51  Drone  
  55  4:52  Drone x2  
  57  4:58  Zergling x2  
  57  4:59  Zergling x16  
  66  5:19  Hydralisk  
  66  5:20  Hydralisk x2  
  72  5:26  Overlord  
  72  5:27  Overlord x2  
  70  5:41  Hydralisk x5  
  77  5:46  Hatchery  
  77  5:48  Hydralisk  
  77  5:49  Hydralisk  
  76  5:52  Glial Reconstitution  
  75  5:58  Muscular Augments  
  75  6:13  Roach  
  75  6:14  Roach x6  
  89  6:23  Hydralisk  
  89  6:25  Drone x2  
  92  6:26  Drone x3  
  96  6:35  Roach x5  
  96  6:39  Overlord x2  
  106  6:52  Drone  
  105  6:59  Overseer  
  105  7:02  Spore Crawler  
  105  7:04  Spore Crawler  
  103  7:11  Hatchery  
  102  7:24  Hatchery  
  102  7:25  Pneumatized Carapace  
  101  7:36  Spore Crawler  
  100  7:39  Drone  
  100  7:40  Drone x2, Spine Crawler  
  100  7:42  Drone x7  
  108  8:08  Extractor  
  107  8:12  Extractor  
  107  8:15  Roach x7  
  107  8:18  Overseer  
  120  8:23  Spore Crawler  
  120  8:24  Overlord  
  120  8:26  Overlord  
Tags
 
Add a new tag
Caveats
  • Supply blocks, unpowered buildings, or Contaminate may cause inaccurate times.
  • Supply counts are checked every 10 seconds.